 Dungeon Crawl Stone Soup version 0.31.0-12-g77e489cdc1 (webtiles) character file.

Game seed: 10496982619347595897

1320 Silvore the Slasher (level 8, -6/54 (61) HPs)
             Began as a Demonspawn Fighter on Feb 12, 2024.
             Mangled by a wight
             ... wielding a +2 falchion
              (7 damage)
             ... on level 6 of the Dungeon.
             The game lasted 00:07:07 (5016 turns).

Silvore the Slasher (Demonspawn Fighter)            Turns: 5016, Time: 00:07:08

HP:   -6/54 (61)    AC: 17    Str: 19    XL:     8   Next: 33%
MP:   8/8           EV:  5    Int:  8    God:
Gold: 245           SH:  5    Dex: 13    Spells: 7/7 levels left

rFire   . . .        a - +1 long sword
rCold   . . .        c - +0 buckler
rNeg    . . .        i - +0 plate armour
rPois   .            f - +0 helmet
rElec   .            (no cloak)
rCorr   +            (no gloves)
SInv    .            g - +1 pair of boots
Will    .....        (no amulet) Stlth
                     s - ring of resist corrosion
HPRegen 0.29/turn    w - ring of wizardry
MPRegen 0.11/turn

%: wizardry (x1)
@: mighty, heavily drained
A: hooves 1, powered by death 1, sharp scales 2
a: no special abilities


You were on level 6 of the Dungeon.
You visited 1 branch of the dungeon, and saw 6 of its levels.
You also visited: Ossuary.

You collected 245 gold pieces.

Inventory:

Hand Weapons
 a - a +1 long sword (weapon)
Missiles
 j - 2 throwing nets (quivered)
Armour
 b - a +0 scale mail
 c - a +0 buckler (worn)
 f - a +0 helmet (worn)
 g - a +1 pair of boots (worn)
 i - a +0 plate armour (worn)
Jewellery
 s - a ring of resist corrosion (left hand)
 w - a ring of wizardry (right hand)
Wands
 n - a wand of charming (10)
Scrolls
 e - a scroll of enchant weapon
 m - 2 scrolls of teleportation
 x - a scroll of poison
Potions
 d - 2 potions of might
 h - 8 potions of curing
 k - a potion of mutation
 l - a potion of lignification
 o - a potion of berserk rage
 p - 2 potions of haste
 q - 3 potions of brilliance
 r - a potion of heal wounds {unknown}
 t - a potion of magic {unknown}
 u - 2 potions of degeneration {unknown}


   Skills:
 + Level 4.6 Fighting
 + Level 6.8 Long Blades
 + Level 5.0 Armour
 + Level 0.9 Dodging
 + Level 0.6 Stealth
 + Level 4.1 Shields


You had 7 spell levels left.
You didn't know any spells.
Your spell library contained the following spells:

 Spells                   Type           Power      Damage    Failure   Level
 Shock                    Conj/Air       0%         1d3       99%         1
 Swiftness                Air            0%         N/A       100%        3
 Airstrike                Air            0%         2d(0-16)  100%        4


Dungeon Overview and Level Annotations

Branches:
Dungeon (6/15)            Ossuary (visited)
 Temple: D:4-7

Altars:
Gozag
Sif Muna
Wu Jian
Xom


Innate Abilities, Weirdness & Mutations

You have large cloven feet.
You regenerate a little health from kills.
You are mostly covered in razor-sharp scales. (AC +2, Slay +2)


Message History

You open the gate.
There is an open gate here.
You open the door.
There is an open door here.
A wight comes into view.
It is wielding a +3 battleaxe of freezing.
The wight moves out of view.
Found a book of Blood.
Found a cloak.
The wight hits you with a +3 battleaxe of freezing!
You feel drained. The wight freezes you.
You hit the wight.
The wight is lightly damaged.
A wight comes into view. It is wielding a +2 falchion.
You hit the wight but do no damage. The wight hits you with a +2 falchion!
The wight hits you with a +3 battleaxe of freezing!
The wight freezes you.
You hit the wight.
The wight is moderately damaged.
The wight hits you with a +2 falchion.
You feel drained. The wight barely misses you. The wight barely misses you.
You hit the wight.
The wight is severely damaged.
The wight barely misses you.
You closely miss the wight.
The wight is severely damaged.
The wight hits you with a +2 falchion.
* * * LOW HITPOINT WARNING * * *
You feel drained.
* * * LOW HITPOINT WARNING * * *
You hit the wight.
The wight is severely damaged.
The wight hits you with a +2 falchion!
* * * LOW HITPOINT WARNING * * *
You feel drained.
* * * LOW HITPOINT WARNING * * *
The wight barely misses you.
You feel very mighty all of a sudden. The wight hits you with a +2 falchion!
You die...

#. #.# ..# ..# ..##.#
#.# #...: #.. ##.# ##.#
... .## #..##.###[##
..# ##.z........ ...
###z###.###. ..##.####
##@##
........####.######
#...............#
###########......####.#
.......##.'.....##
###########
###..⌠...####...#
#<.........
##.......##...#
###########
####'''###...#
#.......#...#


You could see 2 wights.

Vanquished Creatures
  A fire bat (D:6)
  Duvessa (D:5)
  A black bear (D:4)
  A phantom (D:5)
  A weeping skull (Ossuary)
  2 elf zombies (Ossuary)
  A scorpion (D:6)
  2 burial acolytes (Ossuary)
  Dowan (D:5)
  A centaur zombie (Ossuary)
  2 human zombies (Ossuary)
  A bombardier beetle (D:4)
  A jelly (D:5)
  A sleepcap (D:5)
  An orc wizard (D:4)
  5 hound zombies (Ossuary)
  2 mummies (Ossuary)
  6 gnolls (D:4)
  5 adders
  4 ribbon worms
  6 orcs
  7 bats
  5 endoplasms
  15 giant cockroaches
  8 goblins
  7 hobgoblins
  3 jackals (D:1)
  3 quokkas
  3 ball pythons
  A frilled lizard (D:1)
  5 gnoll zombies (Ossuary)
  A goblin zombie (D:4)
  8 kobolds
  A kobold zombie (D:4)
  5 orc zombies (Ossuary)
  6 rats
124 creatures vanquished.

Vanquished Creatures (others)
  An orc wizard (D:5)
1 creature vanquished.

Grand Total: 125 creatures vanquished

Notes
Turn   | Place    | Note
-------+----------+-------------------------------------------
     0 | D:1      | Silvore the Demonspawn Fighter began the quest for the Orb.
     0 | D:1      | Reached XP level 1. HP: 18/18 MP: 1/1
   112 | D:1      | Gained mutation: You have large cloven feet. [demonic
                  | ancestry]
   112 | D:1      | Reached XP level 2. HP: 24/24 MP: 2/2
   164 | D:1      | Reached skill level 2 in Long Blades
   373 | D:1      | Gained mutation: You are partially covered in razor-sharp
                  | scales. (AC +1, Slay +1) [demonic ancestry]
   373 | D:1      | Reached XP level 3. HP: 22/29 MP: 3/3
  1015 | D:2      | Found a shimmering blue altar of Sif Muna.
  1092 | D:2      | Gained mutation: You are mostly covered in razor-sharp
                  | scales. (AC +2, Slay +2) [demonic ancestry]
  1092 | D:2      | Reached XP level 4. HP: 35/35 MP: 4/4
  1172 | D:2      | Found a faded altar of an unknown god.
  1974 | D:4      | Noticed a black bear
  1977 | D:4      | Found a sand-covered staircase.
  1990 | Ossuary  | Entered an ossuary
  1990 | Ossuary  | Noticed a weeping skull
  1990 | Ossuary  | Noticed a weeping skull
  1990 | Ossuary  | Noticed a weeping skull
  2111 | Ossuary  | Reached skill level 3 in Long Blades
  2111 | Ossuary  | Reached XP level 5. HP: 30/42 MP: 5/5
  2278 | Ossuary  | Reached skill level 4 in Long Blades
  2278 | Ossuary  | Gained mutation: You regenerate a little health from kills.
                  | [demonic ancestry]
  2278 | Ossuary  | Reached XP level 6. HP: 41/48 MP: 6/6
  2475 | Ossuary  | Reached skill level 5 in Long Blades
  2559 | Ossuary  | Reached XP level 7. HP: 47/54 MP: 7/7
  3713 | D:5      | Entered Level 5 of the Dungeon
  3916 | D:5      | Noticed Dowan
  3917 | D:5      | Noticed Duvessa
  3922 | D:5      | Found an opulent altar of Gozag.
  3940 | D:5      | Killed Duvessa
  3941 | D:5      | Reached skill level 6 in Long Blades
  3953 | D:5      | Killed Dowan
  3954 | D:5      | Reached XP level 8. HP: 37/61 MP: 8/8
  4220 | D:5      | Found an ornate altar of the Wu Jian Council.
  4925 | D:6      | Found a shimmering altar of Xom.
  4963 | D:6      | Reached skill level 5 in Armour
  5015 | D:6      | HP: 1/54 [wight/+2 falchion (2)]
  5016 | D:6      | Mangled by a wight

Illustrated notes

Levels and vault maps discovered:
D:1:      matt_arrival_refuge, layout_rooms
D:2:      minmay_roachtagon, layout_rooms, dilly_ecumenical_altar_fadedgnrine,
          basic_altar, nicolae_titane
D:3:      layout_basic, dreamdust_princess_bridge,
          chequers_serial_rivers_small_a, kennysheep_doodads
D:4:      kennysheep_spiral_hall, layout_basic, enter_ossuary_3
D:5:      layout_basic, mainiacjoe_overflow_alcove_2,
          nicolae_wu_jian_immortal_techniques, uniq_duvessa
D:6:      layout_basic, regret_index_xom_of_box, marbit_many_paths,
          gammafunk_ghost_hive, serial_shops, shop,
          nicolae_concentric_dashed_squares_wild, grunt_decor_junction,
          nicolae_stop_n_shop_2

Skill      XL: |  1  2  3  4  5  6  7  8 |
---------------+-------------------------+-----
Long Blades    | 2 3 4 5 6 |  6.8
Shields        | 3 4 |  4.1
Armour         | 3 4 5 |  5.0
Fighting       | 4 |  4.6
Dodging        | |  0.9
Stealth        | |  0.6

Action                     |  1- 3 |  4- 6 |  7- 9 || total
---------------------------+-------+-------+-------++-------
  Melee: Long sword        |   136 |   193 |   202 ||   531
         Kick              |     8 |       |       ||     8
    Use: Scroll            |     5 |     4 |     9 ||    18
         Potion            |       |       |     2 ||     2
 Armour: Scale mail        |    57 |       |       ||    57
         Plate armour      |   113 |   217 |   239 ||   569
  Dodge: Dodged            |    73 |    56 |    55 ||   184
  Block: Buckler           |    52 |    50 |    69 ||   171
